 Dungeon Crawl Stone Soup version 0.17.0-15-g6d90897 (webtiles) character file.

49269 HungrySpirit the Severer (level 14, -22/115 HPs)
             Began as a Formicid Fighter on Nov 10, 2015.
             Killed from afar by Azrael (49 damage)
             ... with a blast of hellfire
             ... on level 4 of the Orcish Mines.
             The game lasted 01:11:18 (22195 turns).

HungrySpirit the Severer (Formicid Fighter)        Turns: 22195, Time: 01:11:18

Health: -22/115    AC: 17    Str: 26    XL:     14   Next: 91%
Magic:  14/14      EV:  7    Int:  8    God:
Gold:   1890       SH: 13    Dex: 10    Spells: 0 memorised, 13 levels left

rFire  + + .     SeeInvis +     a - +0 broad axe (elec)
rCold  + . .     Clarity  .     K - +0 plate armour
rNeg   . . .     SustAt   .     c - +0 shield
rPois  +         Gourm    .     (helmet unavailable)
rElec  +         Spirit   .     p - +1 cloak
rCorr  +         Warding  .     (no gloves)
rMut   .         Stasis   +     (no boots)
MR     ++...                    (no amulet)
Stlth  ..........               I - ring of protection from fire
                                k - ring of protection from magic

@: resistant, drained, very resistant to hostile enchantments, extremely
unstealthy
A: permanent stasis, dig shafts and tunnels, four strong arms, antennae 3,
mutation resistance 1
a: Dig, Shaft Self


You were on level 4 of the Orcish Mines.
You were not hungry.

You visited 3 branches of the dungeon, and saw 21 of its levels.

You collected 2018 gold pieces.
You spent 128 gold pieces at shops.

Inventory:

Hand Weapons
 a - a +0 broad axe of electrocution (weapon)
 h - a +0 battleaxe
 q - a +0 hand axe of electrocution
Armour
 c - a +0 shield (worn)
 p - a +1 cloak (worn)
 G - a +0 large shield
 K - a +0 plate armour (worn)
Jewellery
 k - a ring of protection from magic (left hand)
 l - an uncursed ring of sustain attributes
 C - an uncursed ring of flight
 I - a ring of protection from fire (right hand)
Wands
 b - a wand of magic darts (25)
 i - a wand of draining (4)
 u - a wand of fire (0)
 x - a wand of lightning (0)
 D - a wand of digging (8)
 M - a wand of digging (16)
 O - a wand of frost (18)
Scrolls
 j - 8 scrolls of remove curse
 r - 2 scrolls of recharging
 t - a scroll of magic mapping
 y - 7 scrolls of enchant armour
 A - 3 scrolls of identify
 B - 2 scrolls of fog
Potions
 g - 2 potions of cancellation
 m - 3 potions of flight
 o - 3 potions of curing
 w - a potion of agility
 F - a potion of mutation
 P - 2 potions of brilliance
Miscellaneous
 f - a phantom mirror
 H - a sack of spiders
 L - a box of beasts
Comestibles
 d - 3 chunks of flesh
 e - 10 bread rations
 n - 3 slices of pizza
 s - 5 meat rations
 N - 4 fruits


   Skills:
 + Level 12.1(11.9) Fighting
 * Level 16.2(16.0) Axes
 + Level 11.7(11.5) Armour
 + Level 13.2(13.0) Shields


You had 13 spell levels left.
You didn't know any spells.

Dungeon Overview and Level Annotations

Branches:
Dungeon (13/15)            Temple (0/1) D:7            Lair (4/8) D:9
    Orc (4/4) D:12            Elf (0/3) Orc:4
  Swamp: Lair:3-6    Shoals: Lair:3-6     Snake: Lair:3-6    Spider: Lair:3-6
 Vaults: D:13-14

Altars:
Ashenzari
Xom
Beogh

Shops:
Orc:3 %   Orc:4 %(

Annotations:
Lair:3 1 exclusion
Lair:4 Nergalle
Orc:4 Azrael


Innate Abilities, Weirdness & Mutations

You are under a permanent stasis effect.
You can dig through walls and to a lower floor.
Your four strong arms can wield two-handed weapons with a shield.
You have a pair of large antennae on your head (SInv).
You are somewhat resistant to further mutation.


Message History

Azrael hits you with a scimitar of flaming!
Azrael burns you.
Unknown command.
Drink which item? (? for menu, Esc to quit)
You feel protected. You block Azrael's attack.
You hit Azrael.
Azrael is heavily wounded.
You slice Azrael!!
Azrael is severely wounded.
Azrael gestures at you.
The hellfire explodes!
The burst of hellfire engulfs you!
* * * LOW HITPOINT WARNING * * *
The burst of hellfire engulfs Azrael.
Azrael completely resists.
You hear a shout!
Drink which item? (? for menu, Esc to quit)
You feel much better. Azrael gestures at you.
The hellfire explodes!
The blast of hellfire engulfs you!
You die...

#,*,,,#....#,,##§E##.....###### #
*,**+*#....#***#.§.#.....##..####
*,,,,,.....#,,*#..R##).......#...
***,**#+##.+,{##....#..........#.
,**,**{,,*.#,,#.#...##...........
,**,**,,,*.#**#.#....##..........
***+******{*,,##{#..[#.#.........
*,,,****,+,,#R###...##.........
***,,,,,****,,##@##..............
*,,,,,,,*******###......#.#......
,,,,,,,,,,* ##.......#.##.....
,,,***,,,,* #..{.........#..).
,,** *,,,,*** #....<...[...##.##
,,* **,,,,,* #........)#[)...##
,** *,,,,,** ##........#)(...##
,,* **,,,,,,* ##........)...###
,,* **,,*,,,,* ##.........#....


You could see Azrael.

Vanquished Creatures
  A sphinx (D:12)
  Maud (D:12)
  A stone giant (D:12)
  Nessos (Orc:3)
  2 ettins (D:12)
  Josephine (Orc:3)
  A yaktaur captain (D:12)
  The ghost of crauler the Digger, a novice DgEE (D:9)
  The ghost of Dustman the Spear-Bearer, a novice HuGl of Ru (D:10)
  Urug (Lair:2)
  2 unseen horrors (D:11)
  4 hill giants
  5 orc knights
  A griffon (D:12)
  A black mamba (Lair:3)
  2 orc sorcerers
  2 ugly things
  6 cyclopes
  A manticore (D:12)
  Maurice (D:8)
  A centaur zombie (D:12)
  4 spiny frogs
  A torpor snail (Lair:2)
  A komodo dragon (D:12)
  3 kobold demonologists (D:11)
  5 trolls
  3 two-headed ogres
  9 blink frogs
  A slime creature (D:12)
  A redback (D:12)
  2 deep elf magi
  3 wyverns
  A fire elemental (Orc:4)
  7 wraiths
  A basilisk (Lair:1)
  A vampire (D:12)
  4 hippogriffs
  2 shadows (D:11)
  A steam dragon (D:11)
  6 vampire mosquitoes
  32 yaks
  2 hungry ghosts
  3 wargs
  Edmund (D:4)
  6 porcupines
  2 hell hounds (Orc:4)
  Duvessa (D:4)
  A soldier ant (D:12)
  3 phantoms
  6 sky beasts
  7 water moccasins
  A necrophage (D:6)
  An ice beast (D:10)
  4 black bears
  22 orc warriors
  16 centaurs
  22 ogres
  2 crocodiles
  A big kobold (D:11)
  2 gnoll sergeants (D:9)
  17 giant frogs
  Dowan (D:4)
  A water moccasin zombie (D:10)
  9 killer bees
  3 scorpions
  10 wights
  4 electric eels
  4 crimson imps
  2 giant frog zombies
  7 jellies
  Crazy Yiuf (D:3)
  Ijyb (D:3)
  2 hounds
  20 orc priests
  A centaur skeleton (D:9)
  4 giant frog skeletons
  9 worker ants
  A gnoll shaman (D:9)
  4 iguanas
  14 orc wizards
  2 quasits
  A hound skeleton (D:6)
  2 hound zombies
  A worker ant zombie (D:9)
  22 river rats
  9 adders
  22 gnolls
  2 shadow imps
  2 oozes (D:1)
  4 worms
  2 giant geckos
  165 orcs
  4 bats
  5 giant cockroaches
  17 goblins
  6 hobgoblins
  13 jackals
  9 quokkas
  4 ball pythons
  6 giant newts
  12 kobolds
  7 rats
  2 fungi
662 creatures vanquished.

Vanquished Creatures (others)
  3 fungi
  A plant (Lair:3)
4 creatures vanquished.

Grand Total: 666 creatures vanquished

Notes
Turn   | Place    | Note
--------------------------------------------------------------
     0 | D:1      | HungrySpirit the Formicid Fighter began the quest for the Orb.
     0 | D:1      | Reached XP level 1. HP: 18/18 MP: 1/1
   200 | D:1      | Reached XP level 2. HP: 18/24 MP: 2/2
   438 | D:1      | Reached XP level 3. HP: 26/29 MP: 3/3
  1073 | D:2      | Reached XP level 4. HP: 30/35 MP: 4/4
  1154 | D:2      | Reached skill level 4 in Axes
  2135 | D:3      | Found a shattered altar of Ashenzari.
  2345 | D:3      | Reached XP level 5. HP: 37/41 MP: 5/5
  2380 | D:3      | Noticed Ijyb
  2401 | D:3      | Killed Ijyb
  2401 | D:3      | Reached skill level 5 in Axes
  3132 | D:3      | Reached XP level 6. HP: 42/47 MP: 6/6
  3291 | D:3      | Noticed Crazy Yiuf
  3293 | D:3      | Killed Crazy Yiuf
  3293 | D:3      | Reached skill level 6 in Axes
  3343 | D:4      | Noticed Edmund
  3353 | D:4      | Killed Edmund
  3353 | D:4      | Reached skill level 7 in Axes
  3353 | D:4      | Reached XP level 7. HP: 34/52 MP: 7/7
  3357 | D:4      | Noticed Duvessa
  3568 | D:4      | Killed Duvessa
  3709 | D:4      | Noticed Dowan
  3766 | D:4      | Killed Dowan
  3766 | D:4      | Reached skill level 8 in Axes
  4263 | D:5      | Entered Level 5 of the Dungeon
  4319 | D:5      | Reached XP level 8. HP: 58/58 MP: 8/8
  4832 | D:5      | Reached skill level 9 in Axes
  5490 | D:6      | Reached skill level 5 in Shields
  5601 | D:6      | Reached XP level 9. HP: 67/67 MP: 9/9
  5615 | D:6      | Reached skill level 5 in Fighting
  5769 | D:6      | Reached skill level 10 in Axes
  6125 | D:7      | Found a staircase to the Ecumenical Temple.
  6637 | D:7      | Gained mutation: You are somewhat resistant to further mutation. [potion of mutation]
  6722 | D:8      | Noticed Maurice
  6756 | D:8      | Killed Maurice
  6756 | D:8      | Reached XP level 10. HP: 75/77 MP: 10/10
  6828 | D:8      | Reached skill level 11 in Axes
  6906 | D:8      | You fall through a shaft!
  6906 | D:9      | Found a staircase to the Lair.
  7196 | D:8      | Reached skill level 5 in Armour
  7816 | D:9      | Noticed crauler's ghost (novice DgEE)
  7848 | D:9      | Killed crauler's ghost
  8219 | D:9      | Noticed a hill giant
  8262 | Lair:1   | Entered Level 1 of the Lair of Beasts
  8505 | Lair:1   | Reached XP level 11. HP: 84/84 MP: 11/11
  8511 | Lair:1   | Reached skill level 12 in Axes
  8590 | Lair:1   | Noticed a spiny frog
  8615 | Lair:1   | Killed a spiny frog
  8876 | Lair:1   | Got a smelly scale mail
  8877 | Lair:1   | Identified the cursed +0 scale mail "Balafa" {MR++ Str+4} (You found it on level 1 of the Lair of Beasts)
  9971 | Lair:2   | Noticed Urug
 10601 | Lair:2   | Killed Urug
 11238 | Lair:2   | Reached skill level 13 in Axes
 11646 | Lair:3   | Found a shimmering altar of Xom.
 11775 | Lair:3   | Reached XP level 12. HP: 95/95 MP: 12/12
 12220 | Lair:3   | Noticed a seven-headed hydra
 12618 | Lair:4   | Reached skill level 10 in Shields
 12714 | Lair:4   | Noticed Nergalle
 12938 | D:9      | Killed a hill giant
 14189 | D:10     | Entered Level 10 of the Dungeon
 14645 | D:10     | Noticed Dustman's ghost (novice HuGl)
 14665 | D:10     | Killed Dustman's ghost
 14839 | D:10     | Reached skill level 10 in Fighting
 14981 | D:11     | Reached skill level 14 in Axes
 15374 | D:11     | Reached XP level 13. HP: 103/103 MP: 13/13
 16399 | D:12     | Noticed Maud
 16427 | D:12     | Killed Maud
 16427 | D:12     | Reached skill level 10 in Armour
 16887 | D:12     | Noticed an ettin
 17011 | D:12     | Killed an ettin
 17011 | D:12     | Reached skill level 15 in Axes
 17099 | D:12     | Found a staircase to the Orcish Mines.
 17495 | D:12     | Reached XP level 14. HP: 113/113 MP: 14/14
 17601 | D:12     | Noticed a sphinx
 17615 | D:12     | Noticed a yaktaur captain
 17615 | D:12     | Killed a sphinx
 17927 | D:12     | Killed a yaktaur captain
 18005 | D:12     | Noticed a stone giant
 18019 | D:12     | Killed a stone giant
 18118 | D:12     | You fall through a shaft!
 18584 | D:12     | Noticed an ettin
 18591 | D:12     | Killed an ettin
 18970 | Orc:1    | Entered Level 1 of the Orcish Mines
 20631 | Orc:3    | Noticed Nessos
 20645 | Orc:3    | Killed Nessos
 20688 | Orc:3    | Found Nuleob's Food Boutique.
 20804 | Orc:3    | Noticed Josephine
 20817 | Orc:3    | Killed Josephine
 21009 | Orc:3    | Reached skill level 16 in Axes
 21230 | Orc:3    | Noticed an orc warlord
 21235 | Orc:4    | Entered Level 4 of the Orcish Mines
 21772 | Orc:4    | Found Mikluq's Antique Weapon Emporium.
 21788 | Orc:4    | Bought a runed broad axe for 128 gold pieces
 21797 | Orc:4    | Found Fanwa's Food Shoppe.
 21840 | Orc:4    | Found a roughly hewn altar of Beogh.
 22147 | Orc:4    | Noticed Azrael
 22195 | Orc:4    | Killed from afar by Azrael

Action                   |  1- 3 |  4- 6 |  7- 9 | 10-12 | 13-15 || total
-------------------------+-------+-------+-------+-------+-------++-------
Melee: War axe           |    97 |       |       |       |       ||    97
       Hand axe          |       |   150 |   361 |   831 |       ||  1342
       Broad axe         |       |       |       |    27 |   861 ||   888
 Abil: Dig               |       |     3 |    12 |    10 |    15 ||    40
Evoke: Wand              |       |     6 |       |     8 |     8 ||    22
  Use: Scroll            |       |     2 |    13 |     8 |     4 ||    27
       Potion            |       |       |     8 |     8 |     5 ||    21
  Eat: Chunk             |       |     7 |    12 |    26 |    19 ||    64
       Beef jerky        |       |       |     1 |     1 |     2 ||     4
       Fruit             |       |       |       |     3 |     3 ||     6
       Bread ration      |       |       |       |     1 |       ||     1
